 Dungeon Crawl Stone Soup version 0.31-a0-174-g85c54bcb58 (webtiles) character file.

Game seed: 2440599078434303511

62 Moral the Trooper (level 3, 0/34 HPs)
             Began as a Minotaur Fighter on June 15, 2023.
             Slain by a gnoll
             ... wielding a +0 spear
              (4 damage)
             ... on level 2 of the Dungeon.
             The game lasted 00:03:01 (976 turns).

Moral the Trooper (Minotaur Fighter)                 Turns: 976, Time: 00:03:02

Health: 0/34       AC:  7    Str: 26    XL:     3   Next: 85%
Magic:  2/2        EV:  9    Int:  5    God:
Gold:   68         SH:  4    Dex: 11    Spells: 2/2 levels left

rFire   . . .        a - +0 war axe
rCold   . . .        c - +0 buckler
rNeg    . . .        b - +0 scale mail
rPois   .            (helmet restricted)
rElec   .            (no cloak)
rCorr   .            (no gloves)
SInv    .            (no boots)
Will    .....        p - amulet of faith Stlth
                     m - +6 ring of strength
HPRegen 0.25/turn    (no ring)
MPRegen 0.08/turn

%: faith
@: about to teleport
A: horns 2, retaliatory headbutt
a: no special abilities


You were on level 2 of the Dungeon.
You visited 1 branch of the dungeon, and saw 2 of its levels.

You collected 68 gold pieces.

Inventory:

Hand Weapons
 a - a +0 war axe (weapon)
Armour
 b - a +0 scale mail (worn)
 c - a +0 buckler (worn)
Jewellery
 f - an amulet of guardian spirit
 m - a +6 ring of strength (left hand)
 p - an amulet of faith (around neck)
 q - an amulet of reflection
 r - a ring of magical power
Scrolls
 e - a scroll of teleportation
 k - 2 scrolls of revelation {unknown}
 l - a scroll of enchant weapon {unknown}
 n - 4 scrolls of identify {unknown}
 o - a scroll of brand weapon {unknown}
 s - a scroll of enchant armour {unknown}
Potions
 d - a potion of might
 g - a potion of enlightenment {unknown}
 i - a potion of curing {unknown}
 j - 2 potions of ambrosia {unknown}


   Skills:
 + Level 4.4 Fighting
 + Level 3.2 Axes
 + Level 4.2 Armour
 + Level 4.2 Shields


You had 2 spell levels left.
You didn't know any spells.
Your spell library was empty.

Dungeon Overview and Level Annotations

Branches:
Dungeon (2/15)

Altars:


Innate Abilities, Weirdness & Mutations

You have a pair of horns on your head.
You reflexively headbutt those who attack you in melee.


Message History

There is a stone staircase leading down here.
A giant cockroach comes into view.
The kobold hits you but does no damage.
A gnoll comes into view. It is wielding a +0 spear.
There is a stone staircase leading down here.
The gnoll shouts!
You block the kobold's attack.
A gnoll comes into view. It is wielding a +0 flail.
You barely miss the kobold.
The gnoll shouts!
The kobold barely misses you. The kobold hits you but does no damage.
You closely miss the kobold. Your headbutt misses the kobold.
You block the gnoll's attack. The kobold hits you but does no damage.
The gnoll hits you from afar with a +0 spear!
The giant cockroach bites you but does no damage.
You closely miss the giant cockroach. You barely miss the kobold.
The giant cockroach barely misses you.
The gnoll hits you from afar with a +0 spear.
The kobold barely misses you. The gnoll hits you but does no damage.
The giant cockroach completely misses you.
You barely miss the giant cockroach. You slash the gnoll! You slash the kobold!
You kill the kobold!
The gnoll hits you from afar with a +0 spear.
The gnoll hits you but does no damage. The gnoll hits you with a +0 flail.
The giant cockroach bites you but does no damage.
The gnoll hits you but does no damage. The gnoll hits you with a +0 flail!
* * * LOW HITPOINT WARNING * * *
The gnoll hits you but does no damage.
As you read the scroll labelled DIOFFA JIVIAST, it crumbles to dust.
You feel strangely unstable.
It was a scroll of teleportation.
You block the giant cockroach's attack. The gnoll barely misses you.
The gnoll hits you from afar with a +0 spear.
* * * LOW HITPOINT WARNING * * *
The gnoll closely misses you.
The air fills with toxic fumes!
As you read the scroll labelled XEFYETIKEU, it crumbles to dust.
It was a scroll of poison.
The giant cockroach bites you but does no damage.
The gnoll hits you from afar with a +0 spear.
You die...

#.(.... #§ #.###.# #§
#.# #.# #§ #.# #..
##§#### #.# #.. #§§§§§#
#.# ##. #
#§§§§§########.####†
##§#g§§§§##............
#§§§gB@§§##.#####......
#§#§§g§§§##.....†......
#§§§##§####.##########.
### #§# #<.## #. #§#
##.#.## #. #§###..##.##
#. #§##.#.###.#### #.
#§§...........###.
#.##.#............


You could see 3 gnolls and a giant cockroach.

Vanquished Creatures
  A gnoll (D:1)
  An adder (D:2)
  6 bats
  4 endoplasms
  3 giant cockroaches
  3 goblins (D:1)
  2 hobgoblins (D:1)
  4 quokkas
  5 ball pythons (D:1)
  A frilled lizard (D:2)
  7 kobolds
  2 rats
39 creatures vanquished.

Notes
Turn   | Place    | Note
-------+----------+-------------------------------------------
     0 | D:1      | Moral the Minotaur Fighter began the quest for the Orb.
     0 | D:1      | Reached XP level 1. HP: 19/19 MP: 0/0
    66 | D:1      | Reached XP level 2. HP: 27/27 MP: 1/1
   477 | D:1      | Reached XP level 3. HP: 33/33 MP: 2/2
   976 | D:2      | Slain by a gnoll

Illustrated notes

Levels and vault maps discovered:
D:1:      co_arrival_hall_of_pillars, layout_rooms
D:2:      layout_loops_ring, minivault_14, guppyfry_early_lair_pool

Skill      XL: |  1  2 |
---------------+-------+-----
Fighting       | 4 |  4.4
Shields        | 4 |  4.2
Armour         | 4 |  4.2
Axes           | 3 |  3.2

Action                     || total
---------------------------++-------
  Melee: War axe           ||    78
         Headbutt          ||    10
    Use: Scroll            ||     2
 Armour: Scale mail        ||    58
  Dodge: Dodged            ||    43
  Block: Buckler           ||    15

Table legend: (Time is in decaauts)
 A = Elapsed time spent in this place.
 B = Non-inter-level travel time spent in this place.
 C = Inter-level travel time spent in this place.
 D = Time resting spent in this place.
 E = Time spent auto-exploring this place.
 F = Levels seen in this place.
 G = Mean time per level.
                   A        B        C        D        E       F      G
               +--------+--------+--------+--------+--------+-----+--------+
         Total |   1004 |    952 |     52 |      0 |    630 |   2 |  502.0 |
       Dungeon |   1004 |    952 |     52 |      0 |    630 |   2 |  502.0 |
               +--------+--------+--------+--------+--------+-----+--------+

Top non-repeatable levels by time:
     D:1: 600 daAuts
     D:2: 404 daAuts
